Map: Torri del crepuscolo

Players

MaxPauer - Winner!

  • Race: Protoss Protoss
  • League: Diamond

Jhyrachy

  • Race: Zerg Zerg
  • League: Gold

VOD

Have the link to the VOD?

Description

Time

  • Played on: April 21, 2016, 5:06 p.m.
  • Length: 8:11
Show
View Real Time Build Order
Export as new Build Order

MaxPauer Protoss - Winner!

Build Orders: Nexus First, Dark Templar Rush 

Get SALT Encoding   

  12  0:01  Probe (Chrono Boost)  
  13  0:11  Probe (Chrono Boost)  
  14  0:21  Pylon  
  14  0:22  Probe (Chrono Boost)  
  15  0:39  Probe (Chrono Boost)  
  17  0:50  Probe (Chrono Boost)  
  17  1:01  Nexus  
  17  1:15  Gateway  
  17  1:22  Probe (Chrono Boost)  
  18  1:32  Probe (Chrono Boost)  
  19  1:43  Assimilator, Probe (Chrono Boost)  
  20  1:47  Assimilator  
  20  1:51  Gateway  
  20  1:54  Probe (Chrono Boost)  
  21  2:05  Probe (Chrono Boost)  
  22  2:13  Cybernetics Core  
  22  2:18  Probe (Chrono Boost)  
  22  2:20  Probe (Chrono Boost)  
  24  2:29  Probe (Chrono Boost)  
  25  2:30  Probe (Chrono Boost)  
  25  2:33  Pylon  
  26  2:40  Probe (Chrono Boost)  
  26  2:41  Probe (Chrono Boost)  
  28  2:50  Probe (Chrono Boost)  
  29  2:51  Probe (Chrono Boost), Twilight Council  
  29  2:56  Pylon  
  30  3:01  Robotics Facility  
  30  3:03  Probe (Chrono Boost)  
  32  3:05  Probe (Chrono Boost)  
  32  3:14  Probe (Chrono Boost)  
  32  3:15  Probe (Chrono Boost)  
  32  3:16  Pylon  
  34  3:20  Warp Gate (Chrono Boost)  
  34  3:24  Adept  
  34  3:25  Probe  
  37  3:28  Adept  
  37  3:30  Probe  
  40  3:37  Assimilator, Probe  
  40  3:40  Assimilator  
  41  3:44  Pylon  
  41  3:51  Dark Shrine  
  41  3:52  Probe  
  41  3:54  Probe  
  43  4:02  Gateway  
  43  4:05  Gateway  
  43  4:10  Stalker  
  43  4:13  Stalker  
  47  4:28  Probe  
  47  4:29  Probe  
  49  4:38  Probe  
  49  4:41  Probe  
  51  4:45  Dark Shrine  
  51  4:51  Warp Prism (Chrono Boost)  
  53  5:03  Probe  
  54  5:23  Warp Prism (Chrono Boost)  
  54  5:25  Nexus  
  54  5:27  Assimilator, Adept x4  
  64  5:32  Assimilator  
  64  5:36  Pylon  
  64  5:39  Probe  
  64  5:40  Probe  
  66  5:44  Resonating Glaives  
  66  5:49  Probe, Pylon x2  
  66  5:52  Probe  
  68  6:09  Dark Templar x4  
  75  6:42  Dark Templar x4  
  67  7:20  Dark Templar  
  67  7:21  Dark Templar x3  
  75  7:27  Probe  
  75  7:28  Probe  
  75  7:29  Probe  
  70  7:38  Probe  
  70  7:41  Probe  
  72  7:55  Dark Templar x2  
  72  7:56  Dark Templar x2  
Show
View Real Time Build Order
Export as new Build Order

Jhyrachy Zerg 

Build Orders: 3 Hatch before Pool 

Get SALT Encoding   

  12  0:01  Drone  
  13  0:10  Drone  
  14  0:43  Overlord  
  14  0:52  Hatchery  
  13  1:00  Drone  
  13  1:02  Drone x2  
  16  1:12  Drone  
  17  1:22  Drone  
  18  1:35  Drone  
  19  1:40  Hatchery  
  19  1:43  Spawning Pool  
  19  1:44  Drone  
  18  1:49  Extractor  
  17  1:56  Overlord  
  17  2:13  Drone  
  17  2:14  Drone  
  19  2:19  Drone x2  
  21  2:30  Queen  
  21  2:31  Queen  
  25  2:40  Drone x3  
  28  2:48  Drone x2  
  30  2:53  Metabolic Boost  
  30  3:00  Drone x3  
  30  3:02  Drone  
  34  3:16  Queen  
  36  3:21  Evolution Chamber  
  36  3:24  Drone  
  36  3:26  Drone x2  
  36  3:27  Drone x3  
  39  3:30  Drone  
  42  3:46  Extractor  
  42  3:47  Drone, Overlord  
  42  3:48  Overlord x2  
  42  3:56  Pneumatized Carapace  
  42  4:02  Extractor, Drone  
  42  4:10  Drone x3  
  45  4:41  Drone x2  
  45  4:44  Zerg Melee Weapons Level 1  
  47  4:47  Lair  
  47  5:37  Baneling Nest  
  47  5:40  Zergling x4  
  47  5:41  Zergling x36  
  66  5:43  Overlord x4  
  66  5:44  Overlord  
  64  6:35  Zergling x2  
  64  6:36  Zergling x32  
  78  6:44  Overseer x2  
  78  6:45  Overseer  
  75  6:54  Spore Crawler  
  36  7:52  Hatchery  
  36  7:56  Drone x2  
  36  7:57  Drone  
  36  7:58  Drone x3  
  40  8:01  Hatchery  
Tags
 
Add a new tag
Caveats
  • Supply blocks, unpowered buildings, or Contaminate may cause inaccurate times.
  • Supply counts are checked every 10 seconds.